 Dungeon Crawl Stone Soup version 0.20.1-1-g8b1a95d (webtiles) character file.

92 polve the Skirmisher (level 4, -2/38 HPs)
             Began as a Demonspawn Abyssal Knight on Aug 14, 2017.
             Was a Follower of Lugonu.
             Slain by Sigmund
             ... wielding a +5 scythe of slicing
              (5 damage)
             ... on level 3 of the Dungeon.
             The game lasted 00:02:31 (2860 turns).

polve the Skirmisher (Demonspawn Abyssal Knight)    Turns: 2860, Time: 00:02:32

Health: -2/38      AC:  5    Str: 12    XL:     4   Next: 35%
Magic:  5/5        EV: 11    Int: 14    God:    Lugonu [*.....]
Gold:   174        SH:  0    Dex: 13    Spells: 3/3 levels left

rFire    . . .     SeeInvis .   a - +1 falchion
rCold    . . .     Gourm    .   (no shield)
rNeg     . . .     Faith    .   b - +0 leather armour
rPois    .         Spirit   .   (no helmet)
rElec    .         Reflect  .   (no cloak)
rCorr    .         Harm     .   (no gloves)
MR       .....                  (no boots)
Stlth    +.........             (no amulet)
Regen    0.2/turn               (no ring)
MPRegen  0.1/turn               (no ring)

@: no status effects
A: thin metallic scales 1, rot immunity
a: Depart the Abyss, Renounce Religion


You were on level 3 of the Dungeon.
You worshipped Lugonu.
Lugonu was aware of your devotion.
You were not hungry.

You visited 1 branch of the dungeon, and saw 3 of its levels.
You visited the Abyss 1 time.

You collected 174 gold pieces.

Inventory:

Hand Weapons
 a - a +1 falchion (weapon)
Armour
 b - a +0 leather armour (worn)
Scrolls
 e - 3 scrolls of amnesia {unknown}
 f - a scroll of identify {unknown}
 g - 3 scrolls of remove curse {unknown}
 h - 2 scrolls of recharging {unknown}
 i - a scroll of immolation {unknown}
 m - 2 scrolls of teleportation {unknown}
 n - a scroll of enchant armour {unknown}
 o - a scroll of enchant weapon {unknown}
Potions
 d - a potion of haste {unknown}
 j - a potion of heal wounds {unknown}
 l - a potion of flight {unknown}
Comestibles
 c - a bread ration
 k - 3 chunks of flesh


   Skills:
 + Level 4.3 Fighting
 + Level 3.1 Long Blades
 - Level 1.7 Armour
 - Level 0.8 Dodging
 - Level 2.4 Invocations


You had 3 spell levels left.
You didn't know any spells.

Dungeon Overview and Level Annotations

Branches:
Dungeon (3/15)

Altars:
Sif Muna

Annotations:
D:3 Sigmund


Innate Abilities, Weirdness & Mutations

You are partially covered in thin metallic scales. (AC +2)
You are immune to rotting.


Message History

No target in view!
No target in view!
No target in view!
No target in view!
No target in view!
No target in view!
No target in view!
No target in view!
No target in view!
Something hits you! Something hits you.
* * * LOW HITPOINT WARNING * * *
x2 You hit something.
Something hits you.
* * * LOW HITPOINT WARNING * * *
x2 You hit something.
You hit something. Something hits you!
* * * LOW HITPOINT WARNING * * *
x2 You closely miss something.
Something hits you but does no damage.
You miss something. Something hits you.
You die...

#..
#..........# #.
#..##...#..# #
. .........# #
.#.......######
..(...........#
.#.......####.#
##...#..#
##.##..####.##
#. #.@....... #
##.####.## ..#
####


There were no monsters in sight!

Vanquished Creatures
  3 adders (D:2)
  2 oozes (D:2)
  A worm (D:2)
  3 leopard geckos
  5 bats
  3 giant cockroaches
  7 goblins
  2 hobgoblins (D:2)
  4 jackals (D:2)
  10 kobolds
  A frilled lizard (D:1)
  8 rats
49 creatures vanquished.

Notes
Turn   | Place    | Note
-------+----------+-------------------------------------------
     0 | Abyss:1  | polve the Demonspawn Abyssal Knight began the quest for the Orb.
     0 | Abyss:1  | Reached XP level 1. HP: 18/18 MP: 2/2
    40 | Abyss:1  | Noticed a spatial vortex
    40 | Abyss:1  | Noticed a spatial vortex
    44 | Abyss:1  | Noticed a spatial maelstrom
    44 | Abyss:1  | Noticed a spatial vortex
    45 | Abyss:1  | Noticed a spatial vortex
    46 | Abyss:1  | Noticed a spatial vortex
    48 | Abyss:1  | Noticed a spatial vortex
   120 | Abyss:1  | Noticed a large abomination
   145 | D:1      | Escaped the Abyss
   266 | D:1      | Gained mutation: You are partially covered in thin metallic scales. (AC +2) [demonic ancestry]
   266 | D:1      | Reached XP level 2. HP: 24/24 MP: 3/3
   651 | D:1      | Found a deep blue altar of Sif Muna.
   796 | D:1      | Reached * piety under Lugonu
  1082 | D:2      | Gained mutation: You are immune to rotting. [demonic ancestry]
  1082 | D:2      | Reached XP level 3. HP: 27/29 MP: 4/4
  1485 | D:2      | Reached skill level 4 in Fighting
  1500 | D:2      | HP: 2/45 [poisoned by an adder]
  1508 | D:2      | HP: 1/45 [poisoned by an adder]
  2020 | D:2      | HP: 1/30 [worm (4)]
  2339 | D:2      | Reached XP level 4. HP: 37/37 MP: 5/5
  2850 | D:3      | Noticed Sigmund
  2860 | D:3      | Slain by Sigmund

Skill      XL: |  1  2  3  4 |
---------------+-------------+-----
Long Blades    | 2 3 |  3.1
Fighting       | 4 |  4.3
Armour         | |  1.7
Dodging        | |  0.8
Invocations    | |  2.4

Action                   |  1- 3 |  4- 6 || total
-------------------------+-------+-------++-------
Melee: Falchion          |   113 |    47 ||   160
Invok: Depart the Abyss  |     1 |       ||     1
  Use: Potion            |     1 |       ||     1
  Eat: Chunk             |     3 |     1 ||     4
       Royal jelly       |       |     1 ||     1
Armor: Leather armour    |    43 |    19 ||    62
Dodge: Dodged            |    54 |    23 ||    77
       Rpst.: Falchion   |    20 |    10 ||    30
